 Dungeon Crawl Stone Soup version 0.21.1-1-g345015f (webtiles) character file.

42084 jamsan the Unseen (level 13, -6/67 HPs)
             Began as a Spriggan Assassin on June 9, 2018.
             Was an Elder of Dithmenos.
             Killed from afar by a shock serpent (15 damage)
             ... with a bolt of electricity
             ... on level 1 of the Snake Pit on June 13, 2018.
             The game lasted 07:14:06 (51270 turns).

jamsan the Unseen (Spriggan Assassin)              Turns: 51270, Time: 07:14:07

Health: -6/67      AC:  7    Str:  7    XL:     13   Next: 83%
Magic:  18/18      EV: 35    Int: 12    God:    Dithmenos [****..]
Gold:   1496       SH:  0    Dex: 23    Spells: 18/18 levels left

rFire    . . .     SeeInvis +   a - +2 dagger (venom)
rCold    . . .     Gourm    .   (shield restricted)
rNeg     . . .     Faith    .   B - +2 robe {MR+}
rPois    .         Spirit   .   (helmet restricted)
rElec    .         Reflect  .   d - +2 cloak
rCorr    .         Harm     .   (gloves unavailable)
MR       ++++.                  (boots unavailable)
Stlth    ++++++++++             Q - amulet of magic regeneration
HPRegen  0.21/turn              i - ring of protection from magic
MPRegen  0.41/turn              P - ring of flight

@: about to teleport, wreathed by umbra, studying Axes, very quick
A: very small, unfitting armour, see invisible, herbivore, speed 3, slow
metabolism 2
a: Shadow Step, Renounce Religion, Evoke Flight


You were on level 1 of the Snake Pit.
You worshipped Dithmenos.
Dithmenos was greatly pleased with you.
You were not hungry.

You visited 5 branches of the dungeon, and saw 24 of its levels.
You also visited: Volcano.

You collected 1496 gold pieces.

Inventory:

Hand Weapons
 a - a +2 dagger of venom (weapon)
 b - a +2 hunting sling of freezing
 f - a +0 blowgun
 I - a +3 hand axe
Missiles
 e - 103 poisoned needles
 q - 5 curare-tipped needles
 v - 25 sling bullets
 w - 408 stones (quivered)
Armour
 d - a +2 cloak (worn)
 h - +0 acid dragon scales
 r - a +0 robe of cold resistance
 B - a +2 robe of magic resistance (worn)
 Y - a scarf of spirit shield
Jewellery
 i - a ring of protection from magic (left hand)
 P - a ring of flight (right hand)
 Q - an amulet of magic regeneration (around neck)
Wands
 C - a wand of polymorph (38)
 G - a wand of acid (2)
 V - a wand of enslavement (11)
Scrolls
 p - 3 scrolls of enchant armour
 t - 2 scrolls of fog
 u - 3 scrolls of remove curse
 A - 4 scrolls of amnesia
 D - a scroll of magic mapping
 H - 2 scrolls of silence
 K - a scroll of torment
 N - 2 scrolls of teleportation
 R - a scroll of noise {unknown}
 W - a scroll of summoning
 X - 2 scrolls of identify
Potions
 k - a potion of resistance
 l - 2 potions of curing
 m - 3 potions of mutation
 n - a potion of lignification {unknown}
 x - 2 potions of haste
 z - a potion of cancellation
 E - a potion of magic {unknown}
 J - a potion of ambrosia {unknown}
 L - a potion of flight {unknown}
 O - a potion of invisibility {unknown}
 U - 2 potions of brilliance {unknown}
Books
 c - a Young Poisoner's Handbook

   Spells                             Type                      Level
   a - Sting                          Conjuration/Poison           1
   b - Poisonous Vapours              Poison/Air                   2
   c - Mephitic Cloud                 Conjuration/Poison/Air       3
   d - Olgreb's Toxic Radiance        Poison                       4
   e - Venom Bolt                     Conjuration/Poison           5
 j - a book of Callings

   Spells                             Type                      Level
   a - Summon Small Mammal            Summoning                    1
   b - Call Imp                       Summoning                    2
   c - Call Canine Familiar           Summoning                    3
   d - Summon Guardian Golem          Hexes/Summoning              3
   e - Summon Lightning Spire         Summoning/Air                4
   f - Summon Ice Beast               Ice/Summoning                4
 o - a book of Cantrips

   Spells                             Type                      Level
   a - Confusing Touch                Hexes                        1
   b - Animate Skeleton               Necromancy                   1
   c - Summon Small Mammal            Summoning                    1
   d - Apportation                    Translocation                1
 s - a manual of Axes
 T - a book of Necromancy

   Spells                             Type                      Level
   a - Pain                           Necromancy                   1
   b - Animate Skeleton               Necromancy                   1
   c - Vampiric Draining              Necromancy                   3
   d - Regeneration                   Charms/Necromancy            3
   e - Animate Dead                   Necromancy                   4
   f - Borgnjor's Vile Clutch         Necromancy/Earth             5
 Z - a book of Conjurations

   Spells                             Type                      Level
   a - Magic Dart                     Conjuration                  1
   b - Searing Ray                    Conjuration                  2
   c - Dazzling Spray                 Conjuration/Hexes            3
   d - Fulminant Prism                Conjuration/Hexes            4
   e - Force Lance                    Conjuration/Translocation    4
   f - Iskenderun's Mystic Blast      Conjuration                  4
Miscellaneous
 S - a box of beasts
Comestibles
 g - 16 rations


   Skills:
 - Level 7.0 Fighting
 - Level 11.2 Short Blades
 - Level 9.8 Throwing
 + Level 17.5 Dodging
 + Level 18.5 Stealth
 - Level 3.0 Spellcasting


You had 18 spell levels left.
You didn't know any spells.

Dungeon Overview and Level Annotations

Branches:
Dungeon (14/15)            Temple (1/1) D:4            Lair (6/6) D:8
 Shoals (0/4) Lair:3        Snake (1/4) Lair:4        Slime (0/5) Lair:5
    Orc (2/2) D:11         Vaults (0/5) D:14
    Elf: Orc:2

Altars:
Ashenzari
Cheibriados
Dithmenos
Elyvilon
Fedhas
Gozag
Hepliaklqana
Kikubaaqudgha
Makhleb
Nemelex Xobeh
Okawaru
Qazlal
Ru
Sif Muna
Trog
Uskayaw
Vehumet
Wu Jian
Xom
Yredelemnul
Zin
The Shining One

Shops:
D:4 [

Annotations:
D:4 exclusion: downstairs
D:7 exclusion: downstairs
D:10 kae's ghost, novice DgTm
D:12 Nergalle
D:13 exclusion: downstairs
D:14 Nessos; Rupert
Lair:1 Sonja
Lair:3 Harold
Lair:5 exclusion: hydra, Urug
Lair:6 exclusions: hydra and oklob plant
Orc:2 Snorg


Innate Abilities, Weirdness & Mutations

You are very small and have problems with some larger weapons.
You are too small for most types of armour.
You have supernaturally acute eyesight. (SInv)
You are a herbivore.
You cover ground extremely quickly.
You need consume almost no food.


Message History

The shock serpent is moderately wounded.
The shock serpent completely misses you.
Unknown command.
Press: ? - help, v - describe, . - travel The floor.
This square is wreathed by an umbra.
Unknown command.
Press: ? - help, v - describe, . - travel
Here: a shock serpent (moderately wounded, poisoned, umbra)
The floor, spattered with blood.
As you read the scroll of teleportation, it crumbles to dust.
You feel strangely unstable. The shock serpent barely misses you.
Unknown command.
The shock serpent shoots out a bolt of lightning at you!
The bolt of electricity misses you.
The shock serpent's electric aura discharges, shocking you!
* * * LOW HITPOINT WARNING * * *
The shock serpent shoots out a bolt of lightning at you!
The bolt of electricity hits you!
You die...

############ .
##.<........# >.
###...........##
...#####....#######...#
...........## #..#
...........# #....#
..###......### ##......
##.....@.###........
##.................
#...........!.....#
#.........S.......#.
#...................
#.....(..............
..................#..
...$..............## #
................#


You could see a shock serpent.

Vanquished Creatures
  Erica (Lair:1)
  5 two-headed ogres
  A catoblepas (D:13)
  An anaconda (Snake:1)
  Pikel (D:8)
  An ugly thing (D:9)
  A wolf spider (Lair:3)
  A manticore (D:12)
  5 elephants
  2 torpor snails
  6 black mambas
  3 spiny frogs
  A molten gargoyle (Lair:5)
  2 rime drakes
  2 komodo dragons
  3 kobold demonologists (D:12)
  3 trolls
  3 polar bears
  A hornet (Lair:3)
  A slime creature (Lair:5)
  A dream sheep (Lair:5)
  6 blink frogs
  5 hippogriffs
  A wraith (D:11)
  The ghost of jamsan the Ducker, an amateur SpWr (D:6)
  53 yaks
  A fire bat (Volcano)
  2 water elementals (D:12)
  6 basilisks
  A hungry ghost (D:11)
  A warg (Orc:2)
  2 nagas (Lair:4)
  12 water moccasins
  An acid dragon (D:10)
  10 porcupines
  11 orc warriors
  The ghost of Iko the Cudgeler, an amateur TrCK of Xom (D:3)
  2 ice beasts
  5 sky beasts
  4 slaves
  A black bear (D:13)
  A hornet zombie (D:12)
  2 necrophages
  2 phantoms
  10 ogres
  10 wolves
  6 crocodiles
  9 centaurs
  8 big kobolds
  10 bullfrogs
  An earth elemental (Volcano)
  4 scorpions
  The ghost of Iko the Vexing, a weakling TrAM of Trog (D:5)
  31 killer bees
  9 wights
  7 electric eels
  3 howler monkeys
  6 crimson imps
  5 lava snakes (Lair:5)
  3 bullfrog zombies
  2 centaur zombies
  A quasit (D:10)
  14 hounds
  5 jellies
  Crazy Yiuf (D:7)
  19 orc priests
  5 centaur skeletons
  19 orc wizards
  Natasha (thrice) (D:2)
  8 iguanas
  4 worker ants
  6 ogre zombies (D:11)
  2 hound zombies
  A hound skeleton (D:4)
  A howler monkey zombie (D:11)
  4 gnolls (D:3)
  12 adders
  9 shadow imps
  An ooze (D:5)
  An adder skeleton (D:7)
  An adder zombie (D:10)
  5 worms
  2 dart slugs
  8 leopard geckos
  43 orcs
  13 bats
  10 giant cockroaches
  7 goblins
  3 hobgoblins
  10 jackals
  6 quokkas
  4 frilled lizards
  A goblin skeleton (D:11)
  2 goblin zombies (D:11)
  A hobgoblin zombie (D:11)
  28 kobolds
  2 leopard gecko skeletons
  2 orc skeletons (D:11)
  13 orc zombies (D:11)
  A quokka skeleton (D:7)
  14 rats
593 creatures vanquished.

Vanquished Creatures (others)
  A shadow imp (D:13)
  A bush (Lair:6)
  41 fungi
  41 plants
84 creatures vanquished.

Grand Total: 677 creatures vanquished

Notes
Turn   | Place    | Note
-------+----------+-------------------------------------------
     0 | D:1      | jamsan the Spriggan Assassin began the quest for the Orb.
     0 | D:1      | Reached XP level 1. HP: 10/10 MP: 2/2
   244 | D:2      | Reached skill level 6 in Stealth
   309 | D:1      | Reached XP level 2. HP: 14/14 MP: 3/3
  1287 | D:2      | Reached XP level 3. HP: 18/18 MP: 4/4
  1834 | D:2      | Noticed Natasha
  1835 | D:2      | Killed Natasha
  1835 | D:2      | Reached XP level 4. HP: 22/22 MP: 5/5
  1961 | D:2      | Found a faded altar of an unknown god.
  2153 | D:2      | Noticed Natasha
  2628 | D:3      | Noticed Iko's ghost (amateur TrCK)
  2710 | D:3      | Found a glowing silver altar of Zin.
  3114 | D:3      | Reached skill level 7 in Stealth
  3114 | D:3      | Reached XP level 5. HP: 25/25 MP: 6/6
  3525 | D:4      | Found Ibbalano's Antique Armour Shoppe.
  3590 | D:4      | Found a staircase to the Ecumenical Temple.
  3608 | D:4      | Reached XP level 6. HP: 10/30 MP: 7/7
  3948 | D:5      | Entered Level 5 of the Dungeon
  3948 | D:5      | Noticed Iko's ghost (weakling TrAM)
  4032 | D:4      | Reached skill level 5 in Dodging
  4116 | D:4      | Reached skill level 8 in Stealth
  4667 | D:5      | Noticed a water moccasin
  4840 | D:6      | Reached XP level 7. HP: 5/33 MP: 8/8
  4901 | D:6      | Noticed jamsan's ghost (amateur SpWr)
  5273 | D:7      | Noticed Pikel
  6728 | D:6      | Reached skill level 5 in Short Blades
  7690 | D:7      | Reached skill level 5 in Throwing
  7690 | D:7      | Reached XP level 8. HP: 39/39 MP: 9/9
  8405 | D:8      | Noticed a two-headed ogre
  8763 | D:7      | Found a runed door.
  8767 | D:7      | Noticed Crazy Yiuf
  8783 | D:7      | Killed Crazy Yiuf
 10159 | D:8      | Noticed a troll
 10383 | D:8      | Reached XP level 9. HP: 42/42 MP: 10/10
 10740 | D:8      | Noticed a two-headed ogre
 11029 | D:5      | Reached skill level 9 in Stealth
 12882 | D:5      | Killed Iko's ghost
 13264 | D:2      | Killed Natasha
 13443 | D:2      | Noticed Natasha
 13448 | D:2      | Killed Natasha
 13582 | D:3      | Killed Iko's ghost
 14247 | D:8      | Reached skill level 10 in Dodging
 14450 | D:8      | Reached skill level 10 in Stealth
 15111 | D:8      | Found a staircase to the Lair.
 15367 | Lair:1   | Entered Level 1 of the Lair of Beasts
 15493 | D:8      | Reached XP level 10. HP: 38/49 MP: 11/11
 15531 | D:9      | Noticed a purple ugly thing
 16632 | D:10     | Entered Level 10 of the Dungeon
 16687 | D:9      | Reached skill level 11 in Stealth
 16774 | D:9      | Noticed a two-headed ogre
 18236 | D:9      | Noticed an unseen horror
 19400 | D:10     | Noticed kae's ghost (novice DgTm)
 20151 | D:11     | Found a staircase to the Orcish Mines.
 20279 | D:11     | Reached skill level 12 in Stealth
 20465 | D:11     | Reached XP level 11. HP: 50/53 MP: 12/12
 20871 | D:11     | Noticed a seven-headed hydra
 21124 | D:11     | Reached skill level 10 in Short Blades
 21352 | D:11     | Found an ancient bone altar of Kikubaaqudgha.
 21497 | D:12     | Reached skill level 13 in Stealth
 21715 | D:13     | Noticed a catoblepas
 21889 | D:12     | Noticed a two-headed ogre
 21945 | D:12     | Noticed Nergalle
 24726 | D:8      | Found a stormy altar of Qazlal.
 25181 | Lair:2   | Noticed a six-headed hydra
 25598 | Lair:1   | Noticed Erica
 26036 | Lair:1   | Noticed Sonja
 27299 | D:12     | Noticed a five-headed hydra
 27597 | D:12     | Reached skill level 14 in Stealth
 28390 | Temple   | Entered the Ecumenical Temple
 28547 | Temple   | Became a worshipper of Dithmenos the Shadowed
 28902 | D:6      | Killed jamsan's ghost
 31715 | Lair:3   | Found a dark tunnel.
 31720 | Volcano  | Entered a volcano
 31907 | Volcano  | Reached XP level 12. HP: 48/58 MP: 13/13
 32145 | Volcano  | Found a bloodstained altar of Trog.
 32208 | Volcano  | Noticed a stone giant
 33051 | Lair:3   | Noticed Harold
 33338 | Lair:3   | Found a staircase to the Shoals.
 34082 | Lair:4   | Noticed a four-headed hydra
 34181 | Lair:4   | Found an opulent altar of Gozag.
 34502 | Lair:4   | Found a staircase to the Snake Pit.
 35156 | Lair:3   | Reached skill level 5 in Fighting
 35413 | Lair:2   | Reached skill level 15 in Stealth
 35912 | Lair:2   | Reached * piety under Dithmenos
 36972 | Lair:2   | Reached skill level 15 in Dodging
 37688 | Lair:4   | Noticed an eight-headed hydra
 39429 | Lair:4   | Reached skill level 16 in Stealth
 40444 | Lair:5   | Found a staircase to the Slime Pits.
 40454 | Lair:5   | Reached ** piety under Dithmenos
 40518 | Lair:5   | Reached skill level 1 in Spellcasting
 40784 | Lair:5   | Noticed a five-headed hydra
 40853 | Lair:6   | Entered Level 6 of the Lair of Beasts
 40966 | Lair:5   | Reached XP level 13. HP: 65/65 MP: 17/17
 41066 | Lair:5   | Noticed Urug
 43873 | Lair:6   | Reached *** piety under Dithmenos
 44262 | Lair:6   | Reached skill level 17 in Stealth
 45775 | Lair:1   | Killed Erica
 46439 | D:8      | Killed Pikel
 48109 | D:13     | Reached skill level 18 in Stealth
 48516 | D:14     | Found a gate to the Vaults.
 48516 | D:14     | Noticed Nessos
 48516 | D:14     | Noticed Rupert
 48573 | Orc:1    | Entered Level 1 of the Orcish Mines
 48612 | Orc:2    | Entered Level 2 of the Orcish Mines
 49382 | Orc:2    | Reached **** piety under Dithmenos
 49543 | Orc:2    | Identified a scroll of acquirement
 49845 | Orc:2    | Noticed Snorg
 51222 | Snake:1  | Entered Level 1 of the Snake Pit
 51270 | Snake:1  | Killed from afar by a shock serpent

Skill      XL: |  1  2  3  4  5  6  7  8  9 10 11 12 13 |
---------------+----------------------------------------+-----
Stealth        | 6 7 8 10 12 14 16 18 | 18.5
Dodging        | 2 3 4 5 7 9 10 12 13 15 17 | 17.5
Short Blades   | 3 4 5 7 8 9 11 | 11.2
Throwing       | 3 4 5 6 7 8 9 |  9.8
Fighting       | 2 3 4 6 7 |  7.0
Spellcasting   | 2 3 |  3.0

Action                   |  1- 3 |  4- 6 |  7- 9 | 10-12 | 13-15 || total
-------------------------+-------+-------+-------+-------+-------++-------
Melee: Dagger            |   106 |   170 |   897 |  2121 |  1160 ||  4454
 Fire: Blowgun           |    32 |   120 |   220 |       |    12 ||   384
       Hunting sling     |       |       |    83 |   987 |   277 ||  1347
Throw: Stone             |       |       |    24 |       |       ||    24
 Abil: Evoke Flight      |       |       |       |       |     1 ||     1
Evoke: Wand              |       |     5 |    15 |    11 |     3 ||    34
       Box of beasts     |       |       |       |       |     1 ||     1
  Use: Scroll            |       |     6 |    14 |    15 |     8 ||    43
       Potion            |       |       |     4 |     9 |     2 ||    15
 Stab: Sleeping          |     8 |     3 |     2 |     7 |     3 ||    23
       Distracted        |       |       |     1 |     4 |     1 ||     6
  Eat: Ration            |       |     1 |     5 |    14 |     6 ||    26
Armor: Robe              |    12 |    12 |    54 |    75 |    25 ||   178
Dodge: Dodged            |    85 |   140 |   765 |  1425 |   956 ||  3371
